[Event "Titled Tuesday Blitz June 6 Early 2023"]
[White "cristianserban1"]
[Black "Pranav Anand"]
[BlackFideId "46626786"]
[WhiteElo "2479"]
[BlackElo "2389"]
[Result "0-1"]
[Round "3"]
[TimeControl "180+2"]
[Date "2023.06.06"]
[WhiteClock "0:00:02"]
[BlackClock "0:01:49"]
[Board "64"]

1. d4 Nf6 2. Bf4 b6 3. Nf3 Bb7 4. e3 e6 5. Be2 c5 6. c3 cxd4 7. cxd4 Bb4+ 8. Nc3 Nd5 9. Qb3 Bxc3+ 10. bxc3 Nxf4 11. exf4 O-O 12. O-O Qc7 13. Ne5 Nc6 14. Rac1 Na5 15. Qb4 f6 16. Nd3 Rac8 17. c4 Be4 18. g3 Nc6 19. Qb2 Qd6 20. d5 exd5 21. cxd5 Qxd5 22. Rfd1 Qf5 23. Ne1 Na5 24. Qd4 Rxc1 25. Rxc1 Bc6 26. Nd3 Re8 27. Bf1 Qd5 28. Qxd5+ Bxd5 29. Nb4 Bc6 30. Nxc6 dxc6 31. Kg2 c5 32. Kf3 Kf8 33. Rd1 Re7 34. Rd8+ Kf7 35. Bb5 g6 36. g4 Rc7 37. g5 c4 38. Ke2 c3 39. Kd1 Nb7 40. Rh8 Kg7 41. Re8 fxg5 42. fxg5 Nd6 43. Re5 Rf7 44. Ke2 c2 0-1


[Site "https://www.chess.com"]

[Event "Titled Tuesday Blitz June 6 Early 2023"]
[White "Dragnev, Valentin"]
[Black "Ljukin, Sergei"]
[WhiteFideId "1634852"]
[BlackFideId "14102200"]
[WhiteElo "2487"]
[BlackElo "2312"]
[Result "1-0"]
[Round "3"]
[TimeControl "180+2"]
[Date "2023.06.06"]
[WhiteClock "0:00:51"]
[BlackClock "0:00:03"]
[Board "65"]

1. d4 d5 2. Nf3 Nf6 3. c4 c6 4. e3 e6 5. Nbd2 c5 6. cxd5 exd5 7. Bb5+ Nc6 8. O-O Be7 9. dxc5 Bxc5 10. Nb3 Bd6 11. Nbd4 Bd7 12. b3 O-O 13. Bb2 Rc8 14. Rc1 Ne4 15. Nxc6 bxc6 16. Ba6 Rb8 17. Be5 Bg4 18. Bxd6 Qxd6 19. h3 Bh5 20. Be2 c5 21. Nd2 Nxd2 22. Qxd2 Bxe2 23. Qxe2 d4 24. Rfd1 Rfd8 25. Qc4 Qf6 26. Qxc5 dxe3 27. Qxe3 Rxd1+ 28. Rxd1 a6 29. Qd4 Qxd4 30. Rxd4 Kf8 31. Rd7 Rb6 32. Ra7 Re6 33. g4 h6 34. Kg2 g6 35. Kf3 g5 36. Kg2 Kg7 37. Kg3 Kf8 38. h4 Kg7 39. Rb7 Re2 40. a4 Rc2 41. hxg5 hxg5 42. Rb6 Rc3+ 43. Kg2 f6 44. a5 Kg6 45. Kf1 Rd3 46. Ke2 Rc3 47. Kd2 Rf3 48. Ke2 Rc3 49. Kd2 Rf3 50. Kc1 Kg7 51. Kb2 Rxf2+ 52. Ka3 Rf4 53. Rxa6 Rxg4 54. Rc6 Re4 55. a6 g4 56. a7 Re8 57. b4 Ra8 58. Rc7+ Kg6 59. b5 g3 60. b6 g2 61. Rc1 Kf7 62. Rg1 Ke6 63. Rxg2 Kd6 64. Rc2 f5 65. Kb4 f4 66. Kb5 f3 67. Rf2 1-0


[Site "https://www.chess.com"]

[Event "Titled Tuesday Blitz June 6 Early 2023"]
[White "Harsh Suresh"]
[Black "Tomaszewski, Kacper"]
[WhiteFideId "45018464"]
[BlackFideId "1127373"]
[WhiteElo "2209"]
[BlackElo "2211"]
[Result "1-0"]
[Round "3"]
[TimeControl "180+2"]
[Date "2023.06.06"]
[WhiteClock "0:00:33"]
[BlackClock "0:00:26"]
[Board "66"]

1. b3 c5 2. Bb2 Nc6 3. g3 Nf6 4. Bg2 d5 5. e3 e5 6. Ne2 Be7 7. d3 O-O 8. O-O Re8 9. h3 Rb8 10. a3 Bf8 11. Nd2 d4 12. e4 b5 13. f4 Nd7 14. Nf3 Nb6 15. f5 c4 16. g4 a5 17. g5 cxd3 18. cxd3 Ba6 19. h4 a4 20. b4 Nxb4 21. axb4 Bxb4 22. h5 Bf8 23. g6 fxg6 24. fxg6 h6 25. Ng3 b4 26. Nf5 Bc8 27. Rf2 Be6 28. Bh3 Bb3 29. Qf1 a3 30. Bc1 Nd7 31. Nh2 Kh8 32. Ng4 Be6 33. Qg2 a2 34. Ngxh6 b3 35. Nf7+ Bxf7 36. gxf7 Re6 37. Nxg7 Rf6 38. Ne6 1-0


[Site "https://www.chess.com"]

[Event "Titled Tuesday Blitz June 6 Early 2023"]
[White "Lehtosaari, Mauri"]
[Black "Kukhmazov, Arsen"]
[WhiteFideId "501999"]
[BlackFideId "24108260"]
[WhiteElo "2470"]
[BlackElo "2396"]
[Result "1/2-1/2"]
[Round "3"]
[TimeControl "180+2"]
[Date "2023.06.06"]
[WhiteClock "0:00:09"]
[BlackClock "0:00:14"]
[Board "67"]

1. d4 d5 2. Nf3 Nf6 3. Bg5 c5 4. e3 Nc6 5. c3 Qb6 6. Qb3 c4 7. Qxb6 axb6 8. Nfd2 b5 9. Be2 b4 10. Bf3 e6 11. Bxf6 gxf6 12. e4 bxc3 13. bxc3 Ne7 14. O-O Bh6 15. Rd1 Bd7 16. exd5 exd5 17. Nf1 Be6 18. a4 Kd7 19. Ne3 Ra6 20. Nd2 Rha8 21. Rdb1 R8a7 22. h3 Kc7 23. Rb4 Ra5 24. Ndf1 b5 25. Ng3 Bxe3 26. fxe3 bxa4 27. e4 a3 28. exd5 Nxd5 29. Rxc4+ Kd8 30. Bxd5 Bxd5 31. Rb4 Rc7 32. Ne2 a2 33. Rb2 Bc4 34. Ng3 Ra3 35. Ne4 f5 36. Nd6 Rxc3 37. Nxc4 R3xc4 38. Raxa2 Rxd4 39. Rd2 Rcd7 40. Rxd4 Rxd4 41. Ra5 f4 42. Kf2 Ke7 43. Kf3 Kf6 44. Rh5 Kg6 45. Ra5 h6 46. Rb5 Ra4 47. Rc5 f6 48. Rb5 h5 49. Rc5 h4 50. Rb5 Rc4 51. Ra5 Rc2 52. Rb5 Ra2 53. Rc5 Ra3+ 54. Kxf4 Rg3 55. Rc2 Kg7 56. Rb2 Kf7 57. Ra2 Kg6 58. Rb2 Ra3 59. Rc2 Ra4+ 60. Kf3 Kg5 61. Rb2 Ra3+ 62. Kf2 f5 63. Rc2 Rd3 64. Rb2 Rd4 65. Rc2 Kf4 66. Rb2 Ra4 67. Rc2 Ke4 68. Re2+ Kd3 69. Re3+ Kd2 70. Re2+ Kd3 71. Re3+ Kd4 72. Re2 Kd3 1/2-1/2


[Site "https://www.chess.com"]

[Event "Titled Tuesday Blitz June 6 Early 2023"]
[White "Hirneise, Jens"]
[Black "Sokolovsky, Yahli"]
[WhiteFideId "24614734"]
[BlackFideId "2820242"]
[WhiteElo "2345"]
[BlackElo "2389"]
[Result "0-1"]
[Round "3"]
[TimeControl "180+2"]
[Date "2023.06.06"]
[WhiteClock "0:00:05"]
[BlackClock "0:00:18"]
[Board "68"]

1. Nf3 d5 2. g3 Bg4 3. c4 Bxf3 4. exf3 d4 5. d3 e6 6. Bg2 h5 7. h4 Nf6 8. O-O Be7 9. Re1 O-O 10. Nd2 Na6 11. f4 Nc5 12. Nf3 Ng4 13. b4 Nd7 14. a3 a5 15. b5 Nc5 16. Ne5 Nxe5 17. Rxe5 g6 18. Rxc5 Bxc5 19. Bxb7 Rb8 20. Bf3 Qd6 21. Ra2 Rfe8 22. Re2 Bxa3 23. Bxa3 Qxa3 24. Bxh5 gxh5 25. Re5 Kf8 26. Qxh5 Ke7 27. f5 Qxd3 28. f6+ Kd8 29. Qxf7 Rb6 30. c5 Rxb5 31. Rxe6 Rb1+ 32. Kh2 Rxe6 33. Qxe6 Qf3 34. Qg8+ Kd7 35. Qf7+ Kc8 36. Qe6+ Kb7 37. c6+ Ka7 38. Qe1 Rxe1 39. f7 Rh1# 0-1


[Site "https://www.chess.com"]

[Event "Titled Tuesday Blitz June 6 Early 2023"]
[White "Weetik, Vjacheslav"]
[Black "Khromkin, Andrey"]
[WhiteFideId "4153472"]
[BlackFideId "4154126"]
[WhiteElo "2469"]
[BlackElo "2468"]
[Result "1-0"]
[Round "3"]
[TimeControl "180+2"]
[Date "2023.06.06"]
[WhiteClock "0:00:04"]
[BlackClock "0:00:02"]
[Board "69"]

1. d4 d5 2. c4 dxc4 3. Nf3 a6 4. e3 Bg4 5. Bxc4 e6 6. h3 Bh5 7. Nc3 Nc6 8. a3 Nf6 9. g4 Bg6 10. Nh4 Be4 11. Nxe4 Nxe4 12. Nf3 Qf6 13. Bd3 Nd6 14. g5 Qe7 15. e4 O-O-O 16. Qa4 Nb5 17. Be3 Nbxd4 18. Nxd4 Nxd4 19. Bxa6 Qc5 20. Rc1 Qa7 21. Bb5 Qxa4 22. Bxa4 e5 23. O-O Be7 24. Kg2 h6 25. gxh6 gxh6 26. Kh1 Rhg8 27. Bd1 1-0


[Site "https://www.chess.com"]

[Event "Titled Tuesday Blitz June 6 Early 2023"]
[White "Principe, Alexander"]
[Black "qx4z"]
[WhiteFideId "3804542"]
[WhiteElo "2203"]
[BlackElo "2742"]
[Result "0-1"]
[Round "3"]
[TimeControl "180+2"]
[Date "2023.06.06"]
[WhiteClock "0:00:02"]
[BlackClock "0:00:48"]
[Board "70"]

1. e4 e5 2. Nf3 Nc6 3. d4 exd4 4. Nxd4 Nf6 5. Nxc6 bxc6 6. e5 Qe7 7. Qe2 Nd5 8. c4 Ba6 9. b3 g6 10. f4 f6 11. Ba3 Nb4 12. Nc3 fxe5 13. O-O-O Nxa2+ 14. Qxa2 Qxa3+ 15. Qxa3 Bxa3+ 16. Kc2 Bb7 17. fxe5 Rf8 18. Ne4 Be7 19. Bd3 c5 20. Rhf1 O-O-O 21. g4 Bxe4 22. Bxe4 Bg5 23. Bd5 Rfe8 24. Ra1 c6 25. Bf3 Kb7 26. Rae1 Re6 27. Re2 Rde8 28. Rfe1 Bf4 29. h4 Bg3 30. h5 Bxe1 31. Rxe1 Rxe5 32. Rd1 Rf8 33. Rxd7+ Kb6 34. Bxc6 Kxc6 35. Rxa7 Rf2+ 0-1


[Site "https://www.chess.com"]

[Event "Titled Tuesday Blitz June 6 Early 2023"]
[White "Papayan, Oleg"]
[Black "Danielyan, Vahe"]
[WhiteFideId "4193911"]
[BlackFideId "13304828"]
[WhiteElo "2167"]
[BlackElo "2423"]
[Result "0-1"]
[Round "3"]
[TimeControl "180+2"]
[Date "2023.06.06"]
[WhiteClock "0:00:03"]
[BlackClock "0:01:05"]
[Board "71"]

1. e4 d5 2. exd5 Qxd5 3. Nc3 Qe5+ 4. Be2 Bg4 5. d4 Bxe2 6. Ngxe2 Qa5 7. b4 Qh5 8. Qd3 Nc6 9. d5 O-O-O 10. Qb5 Ne5 11. Qa5 e6 12. Qxa7 exd5 13. Qa8+ Kd7 14. Qxb7 Nf6 15. Nxd5 Nxd5 16. Qxd5+ Bd6 17. f4 Rhe8 18. fxe5 Rxe5 19. Qf3 Qxf3 20. gxf3 Rde8 21. Kd1 Rxe2 22. Bd2 Rf2 23. c3 Ree2 24. Be1 Rg2 25. a4 Bf4 26. a5 Re3 0-1


[Site "https://www.chess.com"]

[Event "Titled Tuesday Blitz June 6 Early 2023"]
[White "Kushko, Dmitriy"]
[Black "LangesNasenhaar"]
[WhiteFideId "14162261"]
[WhiteElo "2230"]
[BlackElo "2463"]
[Result "1-0"]
[Round "3"]
[TimeControl "180+2"]
[Date "2023.06.06"]
[WhiteClock "0:00:08"]
[BlackClock "0:00:06"]
[Board "72"]

1. Nf3 g6 2. d4 Bg7 3. e4 c6 4. Bd3 d5 5. c3 dxe4 6. Bxe4 Nf6 7. Bc2 O-O 8. O-O Qc7 9. Re1 c5 10. Qe2 Re8 11. h3 cxd4 12. Nxd4 a6 13. Bg5 Nc6 14. Nxc6 Qxc6 15. Nd2 Be6 16. Nf3 Qb6 17. Nd4 Bd7 18. Bb3 h6 19. Bf4 e6 20. Be5 Nh5 21. g4 Nf6 22. f4 Bc6 23. Kh2 Nd5 24. g5 hxg5 25. fxg5 Bxe5+ 26. Qxe5 Qc7 27. Qxc7 Nxc7 28. Nxc6 bxc6 29. Rad1 Red8 30. Rxd8+ Rxd8 31. Rd1 Rxd1 32. Bxd1 c5 33. Kg3 Nd5 34. Kf3 Kf8 35. Ke4 Ke7 36. Bb3 Kd6 37. h4 Nb6 38. Bc2 a5 39. Bb3 a4 40. Bc2 a3 41. bxa3 Nd5 42. c4 Nb6 43. Bb3 Nd7 44. a4 f5+ 45. gxf6 Nxf6+ 46. Kf4 Nh5+ 47. Kg5 Ng3 48. Kxg6 Nf5 49. Kg5 Ne7 50. Bc2 Ke5 51. h5 Ng8 52. h6 Nxh6 53. Kxh6 Kd4 54. a5 e5 55. a6 e4 56. Bxe4 Kxe4 57. a7 Kd4 58. a8=Q Kxc4 59. Qe4+ Kc3 60. Qd5 c4 61. a4 Kb3 62. Qb5+ 1-0


[Site "https://www.chess.com"]

[Event "Titled Tuesday Blitz June 6 Early 2023"]
[White "Horak, Martin"]
[Black "Antal, Gergely"]
[WhiteFideId "367095"]
[BlackFideId "717312"]
[WhiteElo "2091"]
[BlackElo "2471"]
[Result "1-0"]
[Round "3"]
[TimeControl "180+2"]
[Date "2023.06.06"]
[WhiteClock "0:00:05"]
[BlackClock "0:00:14"]
[Board "73"]

1. d4 f5 2. Nf3 Nf6 3. c4 g6 4. e3 Bg7 5. b4 d6 6. Qb3 O-O 7. Bb2 a5 8. a3 a4 9. Qc2 Ne4 10. Nc3 Nxc3 11. Bxc3 Nd7 12. d5 e5 13. dxe6 Ne5 14. Nxe5 dxe5 15. e7 Qxe7 16. O-O-O e4 17. Bxg7 Qxg7 18. Qb2 Be6 19. Qxg7+ Kxg7 20. Be2 Kf6 21. h4 h6 22. g3 Ke5 23. Kb2 Rfd8 24. Rxd8 Rxd8 25. Rd1 Rh8 26. Rh1 c5 27. b5 Rd8 28. Kc3 b6 29. Rd1 Rg8 30. Rh1 Rh8 31. Bd1 Rd8 32. Be2 Kf6 33. Rd1 Rh8 34. Rh1 Kg7 35. Bd1 Rd8 36. Be2 Rh8 37. Rd1 Kf6 38. Rd6 Rb8 39. Rd1 g5 40. hxg5+ hxg5 41. Rh1 Kg6 42. Rh2 Rd8 43. Rh1 f4 44. gxf4 gxf4 45. exf4 Kf5 46. Rh4 Rg8 47. Kd2 Rg1 48. Ke3 Ra1 49. Rh5+ Kf6 50. Rh6+ Ke7 51. Rh7+ Kd6 52. Rh6 Rxa3+ 53. Kxe4 Ke7 54. Rh7+ Bf7 55. Bh5 Ra2 56. Rxf7+ Kd6 57. Ra7 a3 58. Kf5 Ra1 59. Bf3 a2 60. Be4 Rc1 61. Rxa2 Rxc4 62. Rd2+ Ke7 63. Bc6 Rc1 64. Rd7+ Kf8 65. Rb7 c4 66. Kf6 Kg8 67. Bd5+ Kh8 68. Be4 Rg1 69. Rb8+ Rg8 70. Rxg8+ Kxg8 71. Bc2 c3 72. Ke5 Kf7 73. Kd4 Ke6 74. Kxc3 Kd5 75. Kb4 Kd4 76. f5 Ke5 77. f4+ Kf6 78. Kc4 Ke7 79. Kd5 Kd7 80. Ke5 Ke7 81. Bd3 Kd7 82. f6 Ke8 83. Ke6 Kf8 84. f7 Kg7 85. Ke7 Kh6 86. f8=Q+ Kh5 87. Qg7 Kh4 88. f5 Kh3 89. f6 Kh2 90. f7 1-0


[Site "https://www.chess.com"]

[Event "Titled Tuesday Blitz June 6 Early 2023"]
[White "Sanhueza, Cristian"]
[Black "Koshulyan, Egor A."]
[WhiteFideId "116815"]
[BlackFideId "24237000"]
[WhiteElo "2174"]
[BlackElo "2216"]
[Result "0-1"]
[Round "3"]
[TimeControl "180+2"]
[Date "2023.06.06"]
[WhiteClock "0:00:02"]
[BlackClock "0:00:14"]
[Board "74"]

1. e4 c5 2. Nf3 Nc6 3. d4 cxd4 4. Nxd4 Nf6 5. Nc3 e5 6. Ndb5 d6 7. Bg5 a6 8. Na3 Be6 9. Nc4 Rb8 10. Bxf6 Qxf6 11. Nxd6+ Bxd6 12. Qxd6 Rd8 13. Qa3 Nd4 14. Bd3 Qg5 15. Kf1 f6 16. Qb4 Rd7 17. Nd5 Nc6 18. Qc5 Kf7 19. h4 Qg4 20. Rh3 Rhd8 21. Kg1 Nd4 22. c3 Ne2+ 23. Bxe2 Qxe2 24. Re3 Qxb2 25. Rae1 Bxd5 26. exd5 Rxd5 27. Qc7+ R8d7 28. Qc8 Rd1 29. Rxd1 Rxd1+ 30. Kh2 Qb6 31. Rg3 Rd8 32. Qc4+ Kf8 33. h5 Qc6 34. Qb4+ Kf7 35. Qg4 Rg8 36. Rd3 Ke7 37. Qb4+ Ke8 38. Rd6 Qc7 39. Re6+ Kd8 40. c4 Kc8 41. g3 Rd8 42. Re7 Qc6 43. Rf7 g6 44. Rxh7 gxh5 45. Rxh5 Kb8 46. Rh7 Rd1 47. g4 Rh1+ 48. Kg3 Rxh7 49. Qf8+ Ka7 50. Qg8 Rd7 51. Qf8 Qd6 52. Qe8 e4+ 53. Kg2 Qc6 54. Qf8 e3+ 55. f3 Rd2+ 56. Kg3 e2 57. Qe7 Qd6+ 58. Kf2 Qxe7 0-1


[Site "https://www.chess.com"]

[Event "Titled Tuesday Blitz June 6 Early 2023"]
[White "Ibadov, Dashgyn"]
[Black "Andreev, Konstantin"]
[WhiteFideId "24107514"]
[BlackFideId "24239305"]
[WhiteElo "2208"]
[BlackElo "2106"]
[Result "0-1"]
[Round "3"]
[TimeControl "180+2"]
[Date "2023.06.06"]
[WhiteClock "0:00:06"]
[BlackClock "0:00:21"]
[Board "75"]

1. e4 c5 2. Nf3 e6 3. d4 cxd4 4. Nxd4 Nc6 5. Nc3 Qc7 6. Be3 a6 7. Qf3 Nf6 8. Nxc6 bxc6 9. Qg3 Qxg3 10. hxg3 Bb4 11. f3 d5 12. exd5 cxd5 13. Bd4 Nd7 14. Bxg7 Rg8 15. Rxh7 f6 16. O-O-O Bxc3 17. bxc3 Kf7 18. Bh6+ Kg6 19. Bd3+ f5 20. Rxd7 Bxd7 21. Bf4 Kf6 22. Re1 Bb5 23. Kd2 Rac8 24. Be5+ Kf7 25. Rb1 Rc5 26. Bd4 Rc6 27. Be5 Rc5 28. Rh1 Kg6 29. Ke3 Bxd3 30. cxd3 Ra5 31. Rb1 Rxa2 32. Rb6 Re8 33. Rb7 Rxg2 34. Rg7+ Kh6 35. Kf4 Re2 36. Ra7 Ra2 37. g4 fxg4 38. fxg4 Rf8+ 39. Kg3 Rg8 40. Re7 Kg6 41. Rxe6+ Kf7 42. Rd6 a5 43. Rxd5 Ke6 44. Rb5 a4 45. d4 a3 46. Ra5 Ra1 47. c4 Rc8 48. c5 Kd5 49. g5 Rg8 50. Bf6 a2 51. Kg2 Re8 52. Ra6 Re2+ 53. Kf3 Rd2 54. Ke3 Rh2 55. g6 Re1+ 56. Kf4 a1=Q 57. Rxa1 Rxa1 58. g7 Rg1 59. Bg5 Rf2+ 60. Ke3 Rxg5 61. Kxf2 Rxg7 62. Ke3 Rg3+ 63. Kf4 Rd3 0-1


[Site "https://www.chess.com"]

[Event "Titled Tuesday Blitz June 6 Early 2023"]
[White "Zheenbekov, Nurgazy"]
[Black "Tristan, Leonardo"]
[WhiteFideId "13800485"]
[BlackFideId "113816"]
[WhiteElo "1975"]
[BlackElo "2461"]
[Result "1-0"]
[Round "3"]
[TimeControl "180+2"]
[Date "2023.06.06"]
[WhiteClock "0:00:03"]
[BlackClock "0:00:02"]
[Board "76"]

1. e4 d5 2. exd5 Qxd5 3. Nc3 Qa5 4. d4 Nf6 5. Nf3 Bf5 6. Bc4 e6 7. O-O Bb4 8. Bd2 Nc6 9. a3 Bxc3 10. Bxc3 Qb6 11. b4 O-O 12. h3 Rad8 13. b5 Ne7 14. a4 c6 15. Bb4 Rfe8 16. a5 Qc7 17. b6 Qb8 18. bxa7 Qxa7 19. Bc5 Qb8 20. Bb6 Rc8 21. Ne5 Ned5 22. Qe2 Nxb6 23. axb6 c5 24. Bb5 Red8 25. dxc5 Rxc5 26. Rfd1 Rxd1+ 27. Rxd1 h6 28. Nd7 Nxd7 29. Rxd7 Rxc2 30. Qh5 Bg6 31. Qd1 Qf4 32. Qe1 Bh5 33. Rd8+ Kh7 34. Bd3+ Bg6 35. Bxc2 Bxc2 36. Qd2 Qc4 37. Rd7 Be4 38. Rxf7 Bd5 39. Rd7 Qe4 40. f3 Qg6 41. Kh2 Qf5 42. Qd4 h5 43. Qxg7# 1-0


[Site "https://www.chess.com"]

[Event "Titled Tuesday Blitz June 6 Early 2023"]
[White "Dimitrov, Atanas"]
[Black "Estrada Nieto, Julian"]
[WhiteFideId "2901315"]
[BlackFideId "5101018"]
[WhiteElo "2707"]
[BlackElo "2161"]
[Result "0-1"]
[Round "3"]
[TimeControl "180+2"]
[Date "2023.06.06"]
[WhiteClock "0:00:01"]
[BlackClock "0:00:46"]
[Board "77"]

1. Nf3 d5 2. e3 Nf6 3. c4 dxc4 4. Bxc4 e6 5. Nc3 c5 6. O-O a6 7. a4 Nc6 8. b3 Be7 9. Bb2 O-O 10. Qe2 b6 11. Rfd1 Bb7 12. d4 Qc7 13. d5 exd5 14. Nxd5 Nxd5 15. Bxd5 Na5 16. Be5 Qc8 17. Qc2 Bxd5 18. Rxd5 Qe6 19. Rad1 Rfd8 20. e4 h6 21. Bc3 Nc6 22. h3 b5 23. Qb2 Qg6 24. axb5 axb5 25. Rxd8+ Rxd8 26. Rxd8+ Bxd8 27. Qe2 b4 28. Bb2 Be7 29. Qc4 Qe6 30. Qd3 Na5 31. Nd2 Qd6 32. Qe3 Bg5 33. e5 Qxd2 34. Qe4 Qxb2 35. Qa8+ Kh7 36. Qxa5 Qc1+ 37. Kh2 Bf4+ 38. g3 Bxe5 39. Qa7 f6 40. Qd7 Qc2 41. Kg2 Bd4 0-1


[Site "https://www.chess.com"]

[Event "Titled Tuesday Blitz June 6 Early 2023"]
[White "Dinu, Dumitru-Daniel"]
[Black "Wagner, Dennis"]
[WhiteFideId "1208403"]
[BlackFideId "24650684"]
[WhiteElo "2240"]
[BlackElo "2478"]
[Result "0-1"]
[Round "3"]
[TimeControl "180+2"]
[Date "2023.06.06"]
[WhiteClock "0:00:10"]
[BlackClock "0:00:16"]
[Board "78"]

1. e4 e5 2. Nf3 Nc6 3. Bb5 a6 4. Ba4 Bc5 5. O-O Nge7 6. c3 Ba7 7. d4 Ng6 8. Bxc6 dxc6 9. dxe5 Qxd1 10. Rxd1 Bg4 11. Re1 Bxf3 12. gxf3 Nxe5 13. Kg2 Nd3 14. Rd1 O-O-O 15. Na3 Nxf2 16. Rxd8+ Rxd8 17. Bg5 Rd6 18. Bh4 Rd2 19. Nc4 Rc2 20. Kf1 Nd3 21. Rd1 Rxh2 22. Rxd3 Rxh4 23. Ne5 Rf4 24. Kg2 h5 25. Kg3 g5 26. Kg2 Bc5 27. b4 Bd6 28. Nc4 Kd7 29. Ne3 Ke6 30. Nf5 Ke5 31. c4 Bxb4 32. Rd8 g4 33. Re8+ Kf6 34. fxg4 Rxg4+ 35. Kf3 Bd6 36. Ne3 Rg3+ 37. Kf2 Rh3 38. Nf5 Bc5+ 39. Kg2 Ra3 40. Rc8 Rxa2+ 41. Kh3 Ra3+ 42. Kh4 Bb6 43. Kxh5 Ke5 44. Kg4 Kxe4 45. Re8+ Kd3 46. Re7 Kxc4 47. Rxf7 a5 48. Kf4 Rd3 49. Ke4 a4 50. Rf8 a3 51. Ra8 Rb3 52. Ng7 Kb4 53. Ne6 Re3+ 54. Kf5 Rxe6 55. Kxe6 Ba5 56. Rb8 b5 57. Rh8 a2 58. Rh1 Ka3 59. Kd7 b4 60. Kxc6 b3 61. Kc5 Bc3 62. Kc4 a1=Q 63. Rxa1+ Bxa1 64. Kd3 Ka2 65. Kd2 Be5 66. Kd3 Bd6 67. Kd4 b2 68. Kd5 b1=Q 69. Kc6 Qe4+ 70. Kd7 Qd5 71. Kc8 Qc6 72. Kb8 Qd7 73. Kb7 c5+ 74. Ka6 Qc6+ 75. Ka5 Bc7# 0-1


[Site "https://www.chess.com"]

[Event "Titled Tuesday Blitz June 6 Early 2023"]
[White "Malek, Jan"]
[Black "Jovic, Stanoje"]
[WhiteFideId "21864080"]
[BlackFideId "905020"]
[WhiteElo "2255"]
[BlackElo "2236"]
[Result "1-0"]
[Round "3"]
[TimeControl "180+2"]
[Date "2023.06.06"]
[WhiteClock "0:01:13"]
[BlackClock "0:00:01"]
[Board "79"]

1. b3 Nf6 2. Bb2 e6 3. g3 Be7 4. Bg2 O-O 5. Nf3 c5 6. O-O d5 7. d3 Nc6 8. Nbd2 b5 9. e4 b4 10. a4 a5 11. Re1 Ba6 12. h4 Rc8 13. e5 Nd7 14. h5 h6 15. Nh2 Nb6 16. Ng4 c4 17. Nf3 cxb3 18. cxb3 d4 19. Bc1 Nd5 20. Bxh6 gxh6 21. Qd2 Bg5 22. Nxh6+ Bxh6 23. Qxh6 f6 24. Re4 f5 25. Qxe6+ Rf7 26. Qg6+ Kf8 27. Ng5 Qe7 28. Nxf7 Qxf7 29. Qd6+ Qe7 30. Rh4 Qxd6 31. exd6 Nc3 32. h6 Kg8 33. h7+ Kh8 34. Bxc6 Bxd3 35. d7 Rd8 36. Re1 Be2 37. Rxd4 Kxh7 38. Rd2 Bh5 39. Re8 1-0


[Site "https://www.chess.com"]

[Event "Titled Tuesday Blitz June 6 Early 2023"]
[White "Pham, Le Thao Nguyen"]
[Black "Goryachkina, Aleksandra"]
[WhiteFideId "12401226"]
[BlackFideId "4147103"]
[WhiteElo "2286"]
[BlackElo "2471"]
[Result "1-0"]
[Round "3"]
[TimeControl "180+2"]
[Date "2023.06.06"]
[WhiteClock "0:00:04"]
[BlackClock "0:00:02"]
[Board "80"]

1. d4 d5 2. c4 e6 3. Nf3 h6 4. Nbd2 Nf6 5. g3 Bd6 6. Bg2 O-O 7. O-O Nc6 8. a3 Re8 9. Qc2 Bd7 10. Rd1 dxc4 11. Nxc4 Rc8 12. e4 Bf8 13. h3 g6 14. Be3 Bg7 15. Rac1 Qe7 16. d5 exd5 17. exd5 Nb8 18. Bxa7 Bf5 19. Qb3 b6 20. d6 cxd6 21. Bxb6 d5 22. Ne3 Be4 23. Bd4 Nc6 24. Bc5 Qe6 25. Nd4 Nxd4 26. Bxd4 Rxc1 27. Rxc1 Bxg2 28. Nxg2 Qxh3 29. Bxf6 Bxf6 30. Qxd5 Bxb2 31. Rc7 Rf8 32. a4 1-0


[Site "https://www.chess.com"]

[Event "Titled Tuesday Blitz June 6 Early 2023"]
[White "Domingo Nunez, Ruben"]
[Black "Aarav Dengla"]
[WhiteFideId "22245570"]
[BlackFideId "45059756"]
[WhiteElo "2404"]
[BlackElo "2288"]
[Result "0-1"]
[Round "3"]
[TimeControl "180+2"]
[Date "2023.06.06"]
[WhiteClock "0:00:01"]
[BlackClock "0:00:07"]
[Board "81"]

1. c4 e6 2. Nf3 d5 3. b3 Nf6 4. g3 c5 5. Bg2 Nc6 6. O-O Be7 7. Nc3 d4 8. Na4 e5 9. e3 e4 10. Ng5 Bf5 11. f3 dxe3 12. dxe3 Qxd1 13. Rxd1 h6 14. Nxe4 Nxe4 15. fxe4 Bg4 16. Rd2 Ne5 17. Kf2 Be6 18. h3 O-O 19. Bb2 f6 20. Rad1 a6 21. Nb6 Rae8 22. Nd5 Bd8 23. Nf4 Ba5 24. Rd6 Bc8 25. Ke2 Bc7 26. R6d2 Nc6 27. Kf2 Rf7 28. Bf3 Rd8 29. Rd5 Bb6 30. Ba3 Rff8 31. Rxd8 Rxd8 32. Rxd8+ Bxd8 33. Bxc5 Ne5 34. Kg2 g5 35. Nd5 Bxh3+ 36. Kxh3 Nxf3 37. Kg4 Ne5+ 38. Kf5 Kf7 39. Bd4 Nd7 40. e5 fxe5 41. Bxe5 b5 42. e4 bxc4 43. bxc4 Nc5 44. Bd6 Ne6 45. c5 Nd4+ 46. Kg4 Nc6 47. Kh5 Kg7 48. e5 Nd4 49. Kg4 Kg6 50. Kh3 h5 51. Kg2 Kf5 52. Ne3+ Ke6 53. Nc4 Kd5 54. Ne3+ Kc6 55. Nf1 Ne6 56. Nd2 Nxc5 57. Nf3 Ne6 58. Nd2 Kd5 59. Nb3 Ke4 60. Nd2+ Kd3 61. Nf3 Ba5 62. Nh2 Bc3 63. g4 h4 64. Nf3 Ke4 65. Ng1 Bxe5 66. Bb4 Kf4 67. Nf3 Bd4 68. Nh2 Ke3 69. Bd6 Nf4+ 70. Kh1 Ne2 71. Kg2 Ke4 72. Kf1 Be3 73. Kxe2 Bf4 74. Bxf4 Kxf4 75. Kf2 a5 76. Kg2 a4 77. Kh3 Ke3 78. a3 Kf2 79. Nf3 Kxf3 0-1


[Site "https://www.chess.com"]

[Event "Titled Tuesday Blitz June 6 Early 2023"]
[White "Gil Alba, Hector Luis"]
[Black "Shuvalova, Polina"]
[WhiteFideId "3504670"]
[BlackFideId "24171760"]
[WhiteElo "2331"]
[BlackElo "2281"]
[Result "1/2-1/2"]
[Round "3"]
[TimeControl "180+2"]
[Date "2023.06.06"]
[WhiteClock "0:01:09"]
[BlackClock "0:00:24"]
[Board "82"]

1. e4 c6 2. d4 d5 3. f3 g6 4. Nc3 Bg7 5. exd5 cxd5 6. Bb5+ Nc6 7. Nge2 Nf6 8. O-O O-O 9. Be3 a6 10. Bxc6 bxc6 11. Qd2 Rb8 12. b3 Re8 13. Bf4 Ra8 14. Na4 Nd7 15. Rae1 a5 16. Bh6 Bh8 17. f4 Nf6 18. f5 Ne4 19. Qe3 Bxf5 20. Rxf5 gxf5 21. Ng3 Qd6 22. Nxe4 dxe4 23. c3 Qg6 24. Rf1 e6 25. Nc5 Bg7 26. Bxg7 Kxg7 27. Nd7 Kh8 28. Ne5 Qg7 29. Nxc6 Rg8 30. g3 a4 31. b4 Rac8 32. b5 Rc7 33. c4 Rgc8 34. d5 exd5 35. cxd5 Qg6 36. Qf4 Rb7 37. d6 Rxb5 38. Ne7 Qe6 39. Nxc8 Qxc8 40. Qg5 Rd5 41. Qf6+ Kg8 42. Qg5+ Kh8 43. Qf6+ Kg8 44. Qg5+ Kh8 1/2-1/2


[Site "https://www.chess.com"]

[Event "Titled Tuesday Blitz June 6 Early 2023"]
[White "Lorenzo De La Riva, Lazaro"]
[Black "Belov, Alexei"]
[WhiteFideId "2268809"]
[BlackFideId "4128206"]
[WhiteElo "2294"]
[BlackElo "2650"]
[Result "1-0"]
[Round "3"]
[TimeControl "180+2"]
[Date "2023.06.06"]
[WhiteClock "0:00:46"]
[BlackClock "0:00:03"]
[Board "83"]

1. c4 e6 2. Nf3 d5 3. g3 Nf6 4. Bg2 Be7 5. O-O O-O 6. b3 c5 7. e3 dxc4 8. bxc4 Nc6 9. Qe2 Qc7 10. Nc3 a6 11. Bb2 b6 12. Rac1 Bb7 13. Rfd1 Rac8 14. Ne1 Rfd8 15. f4 Na5 16. d3 Bxg2 17. Qxg2 Rb8 18. g4 b5 19. g5 Ne8 20. Ne4 bxc4 21. Nf6+ Kh8 22. Nxe8 Rxe8 23. dxc4 f6 24. Ba1 Red8 25. Rxd8+ Rxd8 26. Qe4 Qc6 27. Qxc6 Nxc6 28. gxf6 Bxf6 29. Bxf6 gxf6 30. Nf3 Rd3 31. Kf2 Ra3 32. Rd1 Rxa2+ 33. Kg3 Re2 34. Rd6 Nb4 35. Rxe6 a5 36. Nh4 Kg8 37. Nf5 Kf7 38. Re7+ Kf8 39. Ra7 Nc2 40. Kf3 Rxh2 41. Rxa5 Ne1+ 42. Ke4 h5 43. Ra7 h4 44. Kd5 Rd2+ 45. Ke6 Rd8 46. Kxf6 Ke8 47. Rh7 Nf3 48. e4 Rd1 49. e5 1-0


[Site "https://www.chess.com"]